 Dungeon Sprint DCSS version 0.20-a0-495-g2241292 (webtiles) character file.

609 kae the Basher (level 7, -1/63 HPs)
             Began as a Formicid Fighter on Jan 18, 2017.
             Was an Initiate of Okawaru.
             Slain by Sonja
             ... wielding a +2 dagger of distortion
              (19 damage)
             ... in the Dungeon (Sprint I: "Red Sonja").
             The game lasted 00:01:26 (637 turns).

kae the Basher (Formicid Fighter)                    Turns: 637, Time: 00:01:26

Health: -1/63      AC:  8    Str: 29    XL:     7   Next: 71%
Magic:  7/7        EV: 10    Int:  8    God:    Okawaru [......]
Gold:   181        SH: 12    Dex: 10    Spells: 6/6 levels left

rFire    . . .     SeeInvis +   a - +0 flail
rCold    . . .     Gourm    .   b - +0 scale mail
rNeg     . . .     Faith    .   c - +0 shield
rPois    .         Spirit   .   (helmet unavailable)
rElec    .         Reflect  .   (no cloak)
rCorr    .         Harm     .   (no gloves)
MR       .....                  (no boots)
Stlth    ..........             (no amulet)
Regen    0.2/turn               (no ring)
                                (no ring)

@: mighty
A: permanent stasis, dig shafts and tunnels, four strong arms, antennae 3,
strong 1
a: Dig, Renounce Religion


You were in the Dungeon.
You worshipped Okawaru.
Okawaru was noncommittal.
You were not hungry.

You visited 1 branch You collected 421 gold pieces.
You spent 240 gold pieces at shops.

Inventory:

Hand Weapons
 a - a +0 flail (weapon)
Armour
 b - a +0 scale mail (worn)
 c - a +0 shield (worn)
Scrolls
 k - a scroll of blinking
Potions
 e - a potion of curing
 g - 2 potions of heal wounds
 h - a potion of haste
 i - 2 potions of magic
 j - a potion of berserk rage
 m - a potion of agility
 n - 2 potions of lignification
Comestibles
 f - 2 bread rations


   Skills:
 + Level 8.4 Fighting
 * Level 10.1 Maces & Flails
 + Level 8.3 Armour
 + Level 9.1 Shields


You had 6 spell levels left.
You didn't know any spells.

Dungeon Overview and Level Annotations

Branches:
Dungeon (1/1)

Altars:
Cheibriados
Dithmenos
Elyvilon
Fedhas
Gozag
Hepliaklqana
Kikubaaqudgha
Makhleb
Nemelex Xobeh
Okawaru
Qazlal
Ru
Sif Muna
Trog
Uskayaw
Vehumet
Xom
Yredelemnul
Zin
The Shining One
Jiyva
Lugonu

Shops:
D !

Annotations:
D Sonja


Innate Abilities, Weirdness & Mutations

You cannot be hasted, slowed, berserked, paralysed or teleported.
You can dig through walls and to a lower floor.
Your four strong arms can wield two-handed weapons with a shield.
You have a pair of large antennae on your head. (SInv)
Your muscles are strong. (Str +2)


Message History

You closely miss Sonja. Sonja barely misses you.
Sonja hits you with an uncursed dagger of distortion.
Sonja barely misses you. Sonja closely misses you.
Sonja hits you but does no damage. You block Sonja's attack.
You miss Sonja. You block Sonja's attack.
Sonja hits you with an uncursed dagger of distortion.
You feel a strange sense of stasis. Sonja closely misses you.
You completely miss Sonja.
Sonja hits you with an uncursed dagger of distortion.
Space bends around you. Sonja hits you but does no damage.
You feel a strange sense of stasis. Sonja hits you but does no damage.
Space warps horribly around you!
* * * LOW HITPOINT WARNING * * *
You feel much better.
Sonja hits you with an uncursed dagger of distortion.
Space warps horribly around you!
* * * LOW HITPOINT WARNING * * *
You block Sonja's attack. Sonja closely misses you. Sonja barely misses you.
Sonja hits you but does no damage. Space warps horribly around you!
You die...

#<.#..)..#..'..#__#..+
{
#..)..#..').#..'..'..#
{
#..#####'#####'#__####{
{
#..####..#...#.####§(#
{
#..#__##.#..##.#≈≈§§c#
#..#_____##'#..+§§§§ {
#⌠⌠#_.∩...'..._#§≈§.c
####_..__##_(#'##+###
#_____###@#.# #######
#K### $.$ { #$.$# {
##.## { #+# {{ { { {


You could see Sonja.

Vanquished Creatures
  A slime creature (D)
  Sigmund (D)
  A yak (D)
  An ogre (D)
  A jelly (D)
  Ijyb (D)
6 creatures vanquished.

Vanquished Creatures (others)
  A gargoyle (D)
1 creature vanquished.

Grand Total: 7 creatures vanquished

Notes
Turn   | Place    | Note
-------+----------+-------------------------------------------
     0 | D        | kae the Formicid Fighter began the quest for the Orb.
     0 | D        | Reached XP level 1. HP: 18/18 MP: 1/1
     1 | D        | Noticed Ijyb
    10 | D        | Killed Ijyb
    10 | D        | Reached skill level 4 in Maces & Flails
    10 | D        | Reached XP level 2. HP: 24/26 MP: 2/2
    10 | D        | Reached XP level 3. HP: 28/31 MP: 3/3
    34 | D        | Noticed an ogre
    41 | D        | Killed an ogre
    41 | D        | Reached skill level 5 in Fighting
    41 | D        | Reached skill level 6 in Maces & Flails
    41 | D        | Reached skill level 5 in Armour
    41 | D        | Reached XP level 4. HP: 11/39 MP: 4/4
    41 | D        | Reached XP level 5. HP: 12/44 MP: 5/5
   272 | D        | Noticed Sigmund
   282 | D        | Killed Sigmund
   282 | D        | Reached skill level 8 in Maces & Flails
   282 | D        | Reached XP level 6. HP: 51/53 MP: 6/6
   291 | D        | Found a stormy altar of Qazlal.
   291 | D        | Found a blossoming altar of Fedhas.
   291 | D        | Found a bloodstained altar of Trog.
   291 | D        | Found an iron altar of Okawaru.
   291 | D        | Found a glowing golden altar of the Shining One.
   291 | D        | Found Asie's Distillery.
   291 | D        | Found an ancient bone altar of Kikubaaqudgha.
   291 | D        | Found a hazy altar of Hepliaklqana.
   291 | D        | Found a hide-covered altar of Uskayaw.
   291 | D        | Found a basalt altar of Yredelemnul.
   291 | D        | Found a sparkling altar of Nemelex Xobeh.
   291 | D        | Found an opulent altar of Gozag.
   291 | D        | Found a snail-covered altar of Cheibriados.
   291 | D        | Found a sacrificial altar of Ru.
   291 | D        | Found a shadowy altar of Dithmenos.
   291 | D        | Noticed a yak
   306 | D        | Killed a yak
   306 | D        | Reached skill level 9 in Maces & Flails
   306 | D        | Reached XP level 7. HP: 26/61 MP: 7/7
   307 | D        | Found a glowing silver altar of Zin.
   307 | D        | Found a white marble altar of Elyvilon.
   310 | D        | Became a worshipper of Warmaster Okawaru
   496 | D        | Found a burning altar of Makhleb.
   496 | D        | Found a viscous altar of Jiyva.
   496 | D        | Found a shimmering altar of Xom.
   496 | D        | Found a corrupted altar of Lugonu.
   496 | D        | Noticed a slime creature
   509 | D        | Killed a slime creature
   509 | D        | Reached skill level 10 in Maces & Flails
   556 | D        | Found a deep blue altar of Sif Muna.
   558 | D        | Found a radiant altar of Vehumet.
   570 | D        | Noticed a centaur warrior
   595 | D        | Bought a potion of heal wounds for 60 gold pieces
   595 | D        | Bought a potion of heal wounds for 60 gold pieces
   595 | D        | Bought a potion of agility for 48 gold pieces
   595 | D        | Bought 2 potions of lignification for 72 gold pieces
   595 | D        | Gained mutation: Your muscles are strong. (Str +2) [potion of beneficial mutation]
   613 | D        | Noticed a centaur warrior
   629 | D        | Noticed Sonja
   633 | D        | Killed a gargoyle
   637 | D        | Slain by Sonja

Vault maps used:
D:        dungeon_sprint_1

Skill      XL: |  1  2  3  4  5  6  7 |
---------------+----------------------+-----
Fighting       | 4 5 6 7 8 |  8.4
Maces & Flails | 4 6 8 9 10 | 10.1
Armour         | 4 5 6 7 8 |  8.3
Shields        | 4 6 7 8 9 |  9.1

Action                   |  1- 3 |  4- 6 |  7- 9 || total
-------------------------+-------+-------+-------++-------
Melee: Flail             |    14 |    23 |    18 ||    55
 Abil: Dig               |       |     1 |       ||     1
  Use: Potion            |       |       |     3 ||     3
Armor: Scale mail        |     1 |     2 |     9 ||    12
Dodge: Dodged            |     4 |     5 |     7 ||    16
Block: Shield            |     7 |     7 |    11 ||    25
